AoeStats
← :::::Will:::::

Hideout

509989193Analyzed
1v1 RM · 4d ago on Sep 28, 2026· 52m 29s· 2 players
Game mode
Random Map
Map size
Tiny (2 player)
Population
200
Speed
Normal
Resources
Standard
Victory
Conquest
Starting age
Dark Age
Ending age
Imperial Age
RankedLock teamsTeams togetherTeam positionsShared explorationLock speedFull tech treeHidden civsTurbo modeCheats
Victory
Defeat
🇨🇴 Franks · Colombia
415
+18
🇵🇾 Gurjaras · Paraguay
463
-18
DS Starmie
8:21 Loom
10:37 Feudal Age
11:25 Double-Bit Axe
20:01 Castle Age
20:11 Light Cavalry
24:51 Scale Barding Armor
24:57 Forging
24:52 Husbandry
31:40 Wheelbarrow
36:02 Imperial Age
33:54 Hand Cart
36:58 Chain Barding Armor
37:17 Iron Casting
36:46 Chivalry
39:19 Hoardings
38:44 Cavalier
43:31 Elite Throwing Axeman
:::::Will:::::
3:27 Loom
11:10 Feudal Age
11:44 Double-Bit Axe
11:41 Horse Collar
11:55 Gold Mining
11:29 Man-at-Arms
13:17 Wheelbarrow
16:35 Arson
18:52 Forging
18:42 Scale Mail Armor
25:41 Castle Age
24:06 Fletching
25:28 Scale Barding Armor
26:39 Husbandry
27:00 Bloodlines
27:21 Crossbowman
29:35 Heavy Plow
31:57 Gold Shaft Mining
31:43 Bow Saw
32:49 Hand Cart
35:33 Ballistics
37:46 Thumb Ring
37:39 Treadmill Crane
38:10 Masonry
41:30 Light Cavalry
42:36 Bodkin Arrow
45:56 Padded Archer Armor
Connection lost

Rejoining the realm…

Still unreachable

The connection could not be restored.

Session expired

The server has moved on; the page needs a fresh start.